 Dungeon Crawl Stone Soup version 0.21.1-1-g345015f (webtiles) character file.

616 inc the Skirmisher (level 7, -10/85 HPs)
             Began as a Demonspawn Monk on June 9, 2018.
             Blown up by Ijyb (12 damage)
             ... with a wand of disintegration (9)
             ... on level 4 of the Dungeon.
             The game lasted 00:07:52 (3399 turns).

inc the Skirmisher (Demonspawn Monk)                Turns: 3399, Time: 00:07:52

Health: -10/85     AC:  8    Str: 17    XL:     7   Next: 21%
Magic:  7/7        EV: 13    Int: 13    God:
Gold:   204        SH:  0    Dex: 15    Spells: 6/6 levels left

rFire    . . .     SeeInvis .     - Unarmed
rCold    . . .     Gourm    .   (no shield)
rNeg     . . .     Faith    .   n - +0 ring mail
rPois    .         Spirit   .   s - +0 helmet
rElec    .         Reflect  .   (no cloak)
rCorr    .         Harm     .   (no gloves)
MR       .....                  (no boots)
Stlth    ..........             (no amulet)
HPRegen  0.24/turn              q - ring of stealth
MPRegen  0.10/turn              (no ring)

@: berserking (expiring), very quick
A: claws 1, yellow scales 1, powered by death 1
a: no special abilities


You were on level 4 of the Dungeon.
You were not hungry.

You visited 1 branch of the dungeon, and saw 5 of its levels.

You collected 204 gold pieces.

Inventory:

Hand Weapons
 a - a +0 mace
 f - a +0 whip
Armour
 b - a +0 robe
 n - a +0 ring mail (worn)
 s - a +0 helmet (worn)
Jewellery
 g - a cursed amulet of inaccuracy
 m - an uncursed ring of ice
 p - an uncursed amulet of inaccuracy
 q - a ring of stealth (left claw)
Wands
 d - a wand of random effects (41)
Scrolls
 h - a scroll of fear {unknown}
 j - 5 scrolls of teleportation
 k - a scroll of blinking
 o - 2 scrolls of enchant armour {unknown}
Potions
 i - a potion of lignification {unknown}
 l - 2 potions of curing
 r - a potion of flight {unknown}
Comestibles
 c - 4 rations


   Skills:
 - Level 5.8 Fighting
 - Level 2.6 Maces & Flails
 - Level 4.7 Dodging
 - Level 1.7 Stealth
 + Level 3.5 Unarmed Combat


You had 6 spell levels left.
You didn't know any spells.

Dungeon Overview and Level Annotations

Branches:
Dungeon (5/15)
 Temple: D:4-7

Altars:
Dithmenos
The Shining One

Annotations:
D:4 Ijyb


Innate Abilities, Weirdness & Mutations

You have sharp fingernails.
You are partially covered in yellow scales. (AC +2)
You regenerate a little health from kills.


Message History

You scratch Ijyb but do no damage.
Ijyb is moderately wounded.
Ijyb hits you.
* * * LOW HITPOINT WARNING * * *
You scratch Ijyb.
Ijyb is heavily wounded.
You scratch Ijyb but do no damage.
Ijyb is heavily wounded.
Ijyb completely misses you.
You scratch Ijyb.
Ijyb is heavily wounded.
Ijyb zaps a wand.
You are blasted!
* * * LOW HITPOINT WARNING * * *
You barely miss Ijyb.
Ijyb is heavily wounded.
Unknown command.
You barely miss Ijyb.
Ijyb is heavily wounded.
Ijyb zaps a wand.
You are blasted!
You die...

#...........#
#...........#
#.....#######
#.....# #.....#
#.....#########
#.....#........
#..............
#######....##@######
#...........#g#
##W########.#.. #.#
.#... #.# .#.... #.#
#..... .......# #W#
##..... ......# #.#
...... .....# #.#
....


You could see Ijyb.

Vanquished Creatures
  A sky beast (D:5)
  A phantom (D:4)
  A howler monkey (D:4)
  2 orc priests (D:4)
  2 orc wizards
  4 hounds
  Robin (D:2)
  5 adders
  2 gnolls
  A shadow imp (D:5)
  2 oozes
  A leopard gecko (D:1)
  5 orcs
  5 bats
  3 giant cockroaches
  14 goblins
  8 hobgoblins
  4 frilled lizards
  5 kobolds
  14 rats
81 creatures vanquished.

Notes
Turn   | Place    | Note
-------+----------+-------------------------------------------
     0 | D:1      | inc the Demonspawn Monk began the quest for the Orb.
     0 | D:1      | Reached XP level 1. HP: 18/18 MP: 1/1
    93 | D:1      | Gained mutation: You regenerate a little health from kills. [demonic ancestry]
    93 | D:1      | Reached XP level 2. HP: 18/24 MP: 2/2
   597 | D:2      | Reached XP level 3. HP: 23/29 MP: 3/3
   946 | D:2      | Noticed Robin
  1042 | D:2      | Killed Robin
  1042 | D:2      | Gained mutation: You are partially covered in yellow scales. (AC +2) [demonic ancestry]
  1042 | D:2      | Reached XP level 4. HP: 4/35 MP: 4/4
  1595 | D:2      | Found a shadowy altar of Dithmenos.
  1595 | D:2      | Found a glowing golden altar of the Shining One.
  2064 | D:3      | Reached XP level 5. HP: 27/42 MP: 5/5
  2231 | D:3      | Reached skill level 4 in Fighting
  2471 | D:4      | Reached skill level 5 in Fighting
  2543 | D:4      | Gained mutation: You have sharp fingernails. [demonic ancestry]
  2543 | D:4      | Reached XP level 6. HP: 34/51 MP: 6/6
  2921 | D:5      | Entered Level 5 of the Dungeon
  2974 | D:5      | Noticed a sky beast
  3011 | D:5      | Reached skill level 1 in Unarmed Combat
  3052 | D:5      | Killed a sky beast
  3291 | D:4      | Reached XP level 7. HP: 47/57 MP: 7/7
  3379 | D:4      | Noticed Ijyb
  3397 | D:4      | HP: 2/85 [disintegration (19)]
  3399 | D:4      | Blown up by Ijyb

Skill      XL: |  1  2  3  4  5  6  7 |
---------------+----------------------+-----
Dodging        | 3 4 |  4.7
Fighting       | 5 |  5.8
Unarmed Combat | 2 3 |  3.5
Maces & Flails | |  2.6
Stealth        | |  1.7

Action                   |  1- 3 |  4- 6 |  7- 9 || total
-------------------------+-------+-------+-------++-------
Melee: Mace              |    24 |       |       ||    24
       Whip              |   161 |   353 |    23 ||   537
       Punch             |       |     1 |     1 ||     2
       Unarmed           |       |       |    15 ||    15
  Use: Potion            |     1 |     2 |     1 ||     4
       Scroll            |       |     7 |       ||     7
 Stab: Sleeping          |     3 |     3 |       ||     6
  Eat: Chunk             |       |     7 |       ||     7
       Ration            |       |       |     1 ||     1
Armor: Robe              |    13 |       |       ||    13
       Ring mail         |    22 |   131 |     7 ||   160
Dodge: Dodged            |   119 |   240 |    11 ||   370
